Map: Ruins of Endion

Players

Panda - Winner!

  • Race: Zerg Zerg

capac

  • Race: Terran Terran
  • League: Gold

VOD

Have the link to the VOD?

Description

Time

  • Played on: April 30, 2016, 12:01 p.m.
  • Length: 16:56
Show
View Real Time Build Order
Export as new Build Order

Panda Zerg - Winner!

Build Orders: Hatch First 

Get SALT Encoding   

  12  0:07  Drone  
  13  0:13  Overlord  
  13  0:18  Drone  
  14  0:31  Drone  
  14  0:35  Drone  
  16  0:41  Drone  
  17  0:50  Drone  
  18  1:01  Hatchery  
  18  1:02  Drone  
  18  1:09  Extractor  
  17  1:11  Drone  
  18  1:22  Drone  
  19  1:42  Spawning Pool  
  19  1:46  Drone x2  
  20  2:05  Drone  
  20  2:06  Drone  
  22  2:23  Drone x2  
  24  2:32  Overlord  
  24  2:33  Zergling x2  
  25  2:40  Zergling x4, Metabolic Boost  
  27  2:48  Zergling x2  
  27  2:50  Queen x2  
  32  2:58  Overlord  
  32  3:03  Overlord  
  32  3:04  Overlord  
  33  3:27  Zergling x8  
  36  3:35  Drone x2  
  36  3:40  Roach Warren  
  37  3:43  Spore Crawler  
  37  3:44  Drone x2  
  37  3:46  Queen  
  40  3:54  Spore Crawler  
  39  3:58  Zergling x4  
  42  4:02  Drone  
  42  4:04  Zergling x12  
  48  4:21  Lair  
  48  4:22  Roach x2  
  52  4:41  Overlord  
  52  4:42  Overlord  
  42  5:25  Roach  
  42  5:26  Roach x7  
  42  5:27  Roach x2  
  62  5:44  Glial Reconstitution  
  62  6:00  Roach x2  
  62  6:01  Extractor, Roach  
  62  6:02  Overlord x2  
  65  6:13  Hatchery  
  60  6:21  Roach x2  
  60  6:22  Zergling x6  
  60  6:23  Zergling x8  
  71  6:44  Drone x3  
  71  6:45  Drone  
  75  7:02  Drone  
  75  7:03  Drone x3  
  75  7:04  Roach x2  
  75  7:05  Overlord  
  75  7:06  Drone  
  84  7:14  Burrow  
  84  7:23  Overlord x2  
  84  7:33  Extractor  
  84  7:35  Extractor  
  84  7:36  Roach  
  84  7:37  Roach x3  
  88  7:40  Drone x7  
  97  8:17  Roach x5  
  97  8:19  Roach x3  
  113  8:21  Zergling x2  
  113  8:22  Overlord x2  
  114  8:29  Evolution Chamber  
  114  8:30  Evolution Chamber  
  97  8:56  Zerg Missile Weapons Level 1  
  97  8:59  Zerg Ground Armor Level 1  
  97  9:15  Roach x3  
  103  9:21  Zergling x4, Drone x4  
  103  9:22  Drone x6  
  103  9:23  Drone x6  
  121  9:35  Extractor  
  121  9:38  Extractor  
  119  9:47  Overseer  
  119  9:48  Overseer  
  119  10:00  Tunneling Claws  
  119  10:02  Overlord  
  119  10:03  Overlord  
  119  10:13  Infestation Pit  
  118  10:19  Hydralisk Den  
  117  10:38  Roach x5  
  117  10:39  Roach x7  
  117  10:40  Roach x2  
  145  10:58  Overlord x2  
  145  10:59  Overlord  
  110  11:27  Zerg Missile Weapons Level 2  
  110  11:29  Zerg Ground Armor Level 2  
  110  11:31  Muscular Augments  
  110  11:32  Hydralisk x4  
  110  11:33  Hydralisk x4  
  114  12:02  Hive  
  114  12:28  Drone x2  
  114  12:29  Drone x4  
  120  12:30  Hydralisk x4  
  120  12:31  Hydralisk x3, Roach  
  120  12:32  Roach x3  
  142  13:17  Ultralisk Cavern  
  141  13:28  Drone x2  
  141  13:29  Viper x3  
  141  13:31  Hydralisk x2  
  141  13:32  Hydralisk x5, Roach  
  168  13:57  Zerg Missile Weapons Level 3, Zerg Ground Armor Level 3  
  168  14:21  Chitinous Plating  
  168  14:31  Overlord x4  
  168  15:19  Overlord x2  
  168  15:20  Extractor  
  168  15:21  Ultralisk  
  173  15:22  Hatchery, Ultralisk x2, Hydralisk  
  173  15:23  Ultralisk, Hydralisk  
  173  15:25  Overlord, Extractor  
  193  15:40  Extractor  
  193  15:41  Hatchery  
  193  15:42  Extractor  
  135  16:19  Hydralisk x3  
  135  16:20  Hydralisk  
Show
View Real Time Build Order
Export as new Build Order

capac Terran 

Build Orders: Reaper Expand, MMM Bio 

Get SALT Encoding   

  12  0:00  SCV  
  13  0:12  SCV  
  14  0:19  Supply Depot  
  14  0:25  SCV  
  15  0:40  SCV  
  15  0:42  Barracks  
  16  0:45  Refinery  
  16  0:52  SCV  
  17  1:04  SCV  
  18  1:16  SCV  
  19  1:34  Orbital Command  
  19  1:35  Reaper  
  20  1:43  Command Center  
  20  2:03  Supply Depot, SCV  
  20  2:07  Marine  
  22  2:15  SCV  
  23  2:38  Factory, Barracks Reactor  
  23  2:40  Barracks  
  23  2:44  SCV  
  24  2:57  SCV  
  25  3:01  Bunker  
  25  3:11  SCV  
  26  3:13  Refinery  
  26  3:18  Orbital Command  
  26  3:19  Barracks x2  
  26  3:22  Factory Tech Lab  
  26  3:23  SCV  
  27  3:28  Marine x2  
  27  3:33  Supply Depot  
  29  3:35  SCV  
  30  3:42  Barracks Tech Lab  
  30  3:48  SCV  
  30  3:49  SCV  
  30  3:50  Marine x2  
  34  3:57  Siege Tank  
  34  4:01  SCV  
  38  4:04  SCV  
  39  4:10  Supply Depot  
  39  4:17  Starport  
  39  4:24  Stimpack  
  39  4:25  Barracks Reactor  
  39  4:27  Marine x3  
  42  4:36  Supply Depot  
  41  4:43  SCV x2  
  41  4:44  Marine  
  37  5:04  Marine  
  37  5:05  Marine x2  
  32  5:14  Marine x2  
  30  5:15  Siege Tank  
  35  5:27  Medivac  
  37  5:34  Marine x2  
  37  5:35  Marine x2  
  41  5:42  Orbital Command  
  40  6:07  Marine  
  40  6:08  Marine x5  
  46  6:28  Supply Depot  
  46  6:31  Marine x4, Medivac  
  52  6:35  Bunker  
  52  6:43  SCV x2  
  54  6:47  Combat Shields  
  54  6:48  Barracks Reactor  
  54  6:49  Siege Tank  
  57  6:55  SCV x2  
  59  7:03  Supply Depot, Starport Reactor  
  59  7:13  SCV  
  59  7:14  Marine, SCV  
  62  7:24  Marine x4  
  62  7:25  Marine x2  
  62  7:29  SCV x2  
  70  7:31  Refinery  
  70  7:32  Refinery  
  70  7:38  Supply Depot  
  70  7:44  Marine  
  70  7:45  Supply Depot  
  71  7:52  Liberator  
  71  8:03  Marine x6  
  71  8:04  Marauder  
  79  8:06  SCV x2  
  84  8:18  SCV x2  
  86  8:21  Supply Depot  
  86  8:24  Supply Depot  
  86  8:27  Siege Tank  
  86  8:30  SCV  
  86  8:34  SCV  
  91  8:39  Marine  
  91  8:40  Marine  
  93  8:42  SCV  
  93  8:46  SCV  
  89  8:54  SCV  
  81  8:58  SCV  
  81  9:00  Marauder, Marine x5  
  81  9:01  Marine  
  90  9:03  Siege Tank  
  90  9:08  Supply Depot, SCV  
  94  9:18  Medivac x2  
  98  9:25  Marine x2  
  98  9:26  Marine x4  
  98  9:29  Marauder  
  106  9:47  Command Center  
  106  9:53  Medivac x2  
  110  10:03  Marauder  
  112  10:08  Marine x5  
  117  10:18  Marine  
  118  10:30  Supply Depot  
  118  10:51  Marine x4  
  107  11:12  Liberator x2  
  90  11:23  Marine x2  
  90  11:24  Marine x5  
  96  11:32  Siege Tank  
  105  11:41  Marine x3  
  105  11:42  Marine  
  105  11:43  Marauder  
  101  12:05  Marine x4  
  101  12:06  Marauder, Marine x2  
  102  12:11  Starport  
  102  12:13  Starport  
  98  12:17  Barracks  
  98  12:19  Barracks, Liberator x2  
  96  12:29  Marine x4  
  99  12:30  Marine x2  
  99  12:31  Marauder  
  110  12:52  Marauder  
  110  12:53  Marine x2  
  110  12:54  Marine x4  
  110  12:56  Starport Reactor x2  
  118  13:03  Supply Depot x2  
  118  13:05  Liberator x2  
  118  13:06  SCV x2  
  118  13:08  Orbital Command  
  120  13:14  Marauder  
  120  13:17  Barracks Tech Lab x2  
  122  13:26  Liberator x2  
  128  13:31  Marine  
  128  13:32  Marine x5  
  134  13:36  Engineering Bay  
  140  13:51  Liberator x3  
  140  14:01  Refinery  
  140  14:03  Refinery  
  149  14:24  Marine x4  
  149  14:25  Marine x2  
  149  14:27  Marauder  
  149  14:29  Concussive Shells  
  157  14:33  Supply Depot  
  157  14:34  Supply Depot  
  157  14:36  Marauder x2  
  161  14:54  Marine x3  
  161  14:55  Marine x2  
  161  14:56  Marauder  
  161  14:58  Marauder x2  
  172  15:03  Marine  
  173  15:12  Marine  
  174  15:17  Marauder  
  174  15:19  Marauder x2  
  180  15:22  Medivac x3  
  186  15:38  Marauder  
  108  16:25  Marine  
  108  16:26  Marine x5  
  108  16:27  Marauder x3  
Tags
 
Add a new tag
Caveats
  • Supply blocks, unpowered buildings, or Contaminate may cause inaccurate times.
  • Supply counts are checked every 10 seconds.